 Dungeon Crawl Stone Soup version 0.28-a0-863-g8cecda6153 (webtiles) character file.

Game seed: 1991419336770897356

9440 mcbry74 the Cleaver (level 11, 0/97 HPs)
             Began as a Hill Orc Fighter on Nov 18, 2021.
             Was a High Priest of Wu Jian.
             Slain by a six-headed hydra (6 damage)
             ... while petrified by a basilisk
             ... on level 1 of the Lair of Beasts.
             The game lasted 00:57:55 (8657 turns).

mcbry74 the Cleaver (Hill Orc Fighter)              Turns: 8657, Time: 00:58:01

Health: 0/97       AC: 15    Str: 22    XL:     11   Next: 46%
Magic:  11/11      EV:  2    Int: 17    God:    Wu Jian [*****.]
Gold:   357        SH:  0    Dex: 10    Spells: 10/10 levels left

rFire   + . .      SeeInvis +   l - +2 broad axe (vorpal)
rCold   . . .      Faith    .   J - +0 kite shield
rNeg    + + +      Spirit   .   a - +0 chain mail "Wocoid" {rPois Int+8 SInv}
rPois   ∞          Reflect  .   (no helmet)
rElec   .          Harm     .   W - +0 cloak
rCorr   .          Rampage  .   V - +2 pair of gloves {Stlth+}
Will    .....                   (no boots)
Stlth   ..........              o - amulet of regeneration
HPRegen 1.26/turn               M - ring of protection from fire
MPRegen 0.12/turn               (no ring)

@: petrified
A: no striking features
a: Renounce Religion, Wall Jump, Serpent's Lash, Heavenly Storm


You were on level 1 of the Lair of Beasts.
You worshipped Wu Jian.
Wu Jian was extremely pleased with you.
You visited 2 branches of the dungeon, and saw 12 of its levels.

You collected 798 gold pieces.
You spent 441 gold pieces at shops.

Inventory:

Hand Weapons
 l - a +2 vorpal broad axe (weapon)
Missiles
 m - 63 poisoned darts
 x - a silver boomerang (quivered)
 C - 6 javelins
 I - 5 boomerangs
 Z - 5 curare-tipped darts
Armour
 a - the +0 chain mail "Wocoid" (worn) {rPois Int+8 SInv}
   (You found it on level 1 of the Lair of Beasts)

   Int:       It affects your intelligence (+8).
   rPois:     It protects you from poison.
   SInv:      It lets you see invisible.
 J - a +0 kite shield (worn)
 Q - +0 swamp dragon scales
 V - a +2 pair of gloves of stealth (worn)
 W - a +0 cloak (worn)
Jewellery
 o - an amulet of regeneration (around neck)
 z - an amulet of magic regeneration
 M - a ring of protection from fire (left hand)
Wands
 b - a wand of charming (5)
 A - a wand of paralysis (9)
 L - a wand of iceblast (30)
 N - a wand of mindburst (23)
 O - a wand of acid (10)
 X - a wand of digging (12)
 Y - a wand of polymorph (16)
Scrolls
 c - a scroll of identify
 f - 5 scrolls of fear
 g - 2 scrolls of summoning
 h - 3 scrolls of teleportation
 q - 2 scrolls of enchant armour {unknown}
 v - 4 scrolls of amnesia {unknown}
 y - 5 scrolls of enchant weapon {unknown}
 E - a scroll of blinking {unknown}
 F - 3 scrolls of immolation
 G - 7 scrolls of noise {unknown}
 T - 3 scrolls of magic mapping
Potions
 i - a potion of resistance
 k - a potion of cancellation
 p - 2 potions of attraction
 s - 10 potions of curing
 t - 3 potions of haste
 B - a potion of lignification
 D - a potion of brilliance
 K - a potion of might
 P - a potion of flight
 R - a potion of berserk rage
 U - 2 potions of mutation {unknown}
Miscellaneous
 w - a lightning rod (4/4)


   Skills:
 + Level 9.4 Fighting
 + Level 14.7 Axes
 + Level 6.4 Throwing
 + Level 8.6 Armour
 - Level 3.2 Shields
 + Level 5.3 Evocations


You had 10 spell levels left.
You didn't know any spells.
Your spell library contained the following spells:

 Spells                   Type           Power      Damage    Failure   Level
 Apportation              Tloc           0%         N/A       100%        1
 Blink                    Tloc           0%         N/A       100%        2
 Sublimation of Blood     Necr           0%         N/A       100%        2
 Wereblood                Tmut           0%         N/A       100%        2
 Gell's Gravitas          Tloc           0%         N/A       100%        3
 Lesser Beckoning         Tloc           0%         N/A       100%        3
 Ozocubu's Armour         Ice            0%         N/A       100%        3
 Teleport Other           Tloc           0%         N/A       100%        3
 Animate Armour           Summ/Erth      0%         N/A       100%        4
 Alistair's Intoxication  Tmut/Pois      0%         N/A       100%        5
 Blade Hands              Tmut           0%         N/A       100%        5
 Manifold Assault         Tloc           0%         N/A       100%        5
 Dispersal                Tloc           0%         N/A       100%        6
 Iron Shot                Conj/Erth      0%         9d1       100%        6
 Ozocubu's Refrigeration  Ice            0%         4d5       100%        7
 Storm Form               Tmut/Air       0%         N/A       100%        7
 Summon Hydra             Summ           0%         N/A       100%        7


Dungeon Overview and Level Annotations

Branches:
Dungeon (11/15)            Temple (0/1) D:7            Lair (1/6) D:11
    Orc: D:9-12

Altars:
Ashenzari
Cheibriados
Dithmenos
Elyvilon
Gozag
Kikubaaqudgha
Okawaru
Vehumet
Wu Jian
Xom
Yredelemnul
Zin
Beogh

Shops:
D:9 ?


Message History

The six-headed hydra bites you but does no damage.
The six-headed hydra bites you. The cane toad barely misses you.
The six-headed hydra bites you! The six-headed hydra bites you.
The six-headed hydra bites you!
The six-headed hydra bites you but does no damage.
The six-headed hydra bites you.
The six-headed hydra bites you but does no damage.
The cane toad stings you but does no damage.
The six-headed hydra bites you.
The six-headed hydra bites you but does no damage. x2
The six-headed hydra bites you!
The six-headed hydra bites you but does no damage.
The six-headed hydra bites you. The cane toad stings you!
The six-headed hydra bites you but does no damage.
The six-headed hydra bites you. x2
The six-headed hydra bites you but does no damage.
The six-headed hydra bites you! x2
The cane toad stings you but does no damage.
The cane toad stings you!
* * * LOW HITPOINT WARNING * * *
The six-headed hydra bites you.
* * * LOW HITPOINT WARNING * * *
The six-headed hydra bites you but does no damage. x2
The six-headed hydra bites you.
* * * LOW HITPOINT WARNING * * *
The six-headed hydra bites you but does no damage.
The six-headed hydra bites you!
* * * LOW HITPOINT WARNING * * *
The cane toad stings you!!
* * * LOW HITPOINT WARNING * * *
The six-headed hydra bites you but does no damage. x6
The cane toad stings you.
* * * LOW HITPOINT WARNING * * *
The six-headed hydra barely misses you. The six-headed hydra bites you!
* * * LOW HITPOINT WARNING * * *
The six-headed hydra bites you.
* * * LOW HITPOINT WARNING * * *
The six-headed hydra bites you!
You die...

#.. ..# ###.. #... ##
. ###.P## . .P#P...
#.#...# ... ..#..#.
#....#.....
#...#..#####.†D.......
..#..#P##..@#......#
........#..F#.).lS##
... #.#.#.....####.#..
..... #.....##.##.#
...
..##.##...†.###...# ..
#.#..#...........# #
##.....##....#.#...
#.....P##....###...
#...........## ..


You could see a six-headed hydra and a cane toad.

Vanquished Creatures
  A two-headed ogre (D:9)
  An ugly thing (D:11)
  Maurice (D:9)
  A cane toad (Lair:1)
  Maggie (D:8)
  Psyche (D:9)
  A kobold demonologist (D:11)
  An unseen horror (D:11)
  A wyvern (D:9)
  7 yaks (D:11)
  A basilisk (Lair:1)
  5 steam dragons
  2 swamp worms (D:7)
  5 water moccasins
  4 sky beasts
  An ice beast (D:7)
  2 orc warriors
  4 black bears
  4 centaurs
  An ogre (D:7)
  A phantom (D:4)
  2 kobold brigands
  3 bullfrogs
  A gnoll sergeant (D:10)
  A scorpion (D:11)
  11 killer bees
  4 howler monkeys
  5 wights (D:8)
  A centaur zombie (D:10)
  2 jellies (D:6)
  8 orc priests
  6 hounds
  2 gnoll shamans
  A bullfrog skeleton (D:5)
  2 iguanas
  12 orc wizards
  2 killer bee zombies
  A hound skeleton (D:4)
  Robin (D:2)
  11 gnolls
  2 howler monkey zombies
  3 adders
  A shadow imp (D:6)
  2 adder skeletons (D:4)
  3 worms
  3 dart slugs
  32 orcs
  12 endoplasms
  5 giant cockroaches
  15 hobgoblins
  7 jackals
  3 quokkas
  12 ball pythons
  3 bats
  8 frilled lizards
  15 goblins
  16 kobolds
  14 rats
278 creatures vanquished.

Vanquished Creatures (collateral kills)
  A dart slug (D:3)
  A rat (D:3)
2 creatures vanquished.

Vanquished Creatures (others)
  A sky beast (D:9)
  32 fungi
  32 plants
65 creatures vanquished.

Grand Total: 345 creatures vanquished

Notes
Turn   | Place    | Note
-------+----------+-------------------------------------------
     0 | D:1      | mcbry74 the Hill Orc Fighter began the quest for the Orb.
     0 | D:1      | Reached XP level 1. HP: 19/19 MP: 1/1
     1 | D:1      | Found a runed translucent door.
    58 | D:1      | Reached skill level 3 in Axes
    62 | D:1      | Reached XP level 2. HP: 26/26 MP: 2/2
    72 | D:1      | Reached skill level 4 in Axes
   232 | D:1      | Found a faded altar of an unknown god.
   244 | D:1      | Reached XP level 3. HP: 31/31 MP: 3/3
   244 | D:1      | Prayed at the altar of an unknown god.
   244 | D:1      | Became a worshipper of the Wu Jian Council
   244 | D:1      | Reached * piety under Wu Jian
   350 | D:1      | You fall into a shaft and drop 1 floor!
   356 | D:2      | Noticed Robin
   574 | D:1      | Reached skill level 5 in Axes
   934 | D:2      | Reached ** piety under Wu Jian
   943 | D:2      | Killed Robin
   944 | D:2      | Reached XP level 4. HP: 21/39 MP: 4/4
  1189 | D:2      | Reached skill level 6 in Axes
  1782 | D:3      | Reached *** piety under Wu Jian
  1808 | D:3      | Found a snail-covered altar of Cheibriados.
  1810 | D:3      | Found a broken altar of Ashenzari.
  1810 | D:3      | Found a shadowy altar of Dithmenos.
  1811 | D:3      | Found a shimmering altar of Xom.
  1841 | D:3      | Reached XP level 5. HP: 45/45 MP: 5/5
  2075 | D:3      | Found an ancient bone altar of Kikubaaqudgha.
  2113 | D:3      | Reached skill level 7 in Axes
  2286 | D:4      | Reached skill level 8 in Axes
  2286 | D:4      | Reached XP level 6. HP: 51/51 MP: 6/6
  2400 | D:4      | Reached skill level 9 in Axes
  2547 | D:4      | Reached XP level 7. HP: 57/57 MP: 7/7
  2553 | D:4      | Reached skill level 10 in Axes
  3053 | D:5      | Entered Level 5 of the Dungeon
  3069 | D:5      | Reached **** piety under Wu Jian
  3254 | D:5      | Reached skill level 11 in Axes
  3256 | D:5      | Found a glowing silver altar of Zin.
  3441 | D:5      | Reached XP level 8. HP: 64/64 MP: 8/8
  3740 | D:6      | Reached skill level 1 in Throwing
  3775 | D:6      | Reached skill level 12 in Axes
  3830 | D:6      | Found an iron altar of Okawaru.
  3845 | D:6      | Reached skill level 5 in Fighting
  4074 | D:6      | Reached skill level 5 in Armour
  4074 | D:6      | Reached XP level 9. HP: 60/74 MP: 9/9
  4761 | D:7      | Found a staircase to the Ecumenical Temple.
  5237 | D:7      | Reached skill level 13 in Axes
  5374 | D:8      | Reached skill level 1 in Evocations
  5384 | D:8      | Found an opulent altar of Gozag.
  5645 | D:8      | Noticed Maggie
  5673 | D:8      | Killed Maggie
  5793 | D:8      | Reached XP level 10. HP: 69/86 MP: 10/10
  6084 | D:8      | Found a white marble altar of Elyvilon.
  6258 | D:9      | Noticed Maurice
  6266 | D:9      | Paralysed by Maurice for 4 turns
  6278 | D:9      | Killed Maurice
  6393 | D:9      | Found a radiant altar of Vehumet.
  6445 | D:9      | Found Niruzyun's Magic Scroll Emporium.
  6457 | D:9      | Noticed a two-headed ogre
  6471 | D:9      | Killed a two-headed ogre
  6472 | D:9      | Reached skill level 5 in Throwing
  6492 | D:9      | Bought a scroll of brand weapon for 260 gold pieces
  6492 | D:9      | Bought a scroll of immolation for 45 gold pieces
  6492 | D:9      | Bought 3 scrolls of magic mapping for 136 gold pieces
  6852 | D:9      | Noticed Psyche
  6919 | D:9      | Killed Psyche
  6957 | D:9      | Reached skill level 14 in Axes
  7157 | D:9      | Found a basalt altar of Yredelemnul.
  7176 | D:10     | Entered Level 10 of the Dungeon
  7362 | D:10     | Reached ***** piety under Wu Jian
  7425 | D:10     | Identified a scroll of acquirement
  7425 | D:10     | Acquired a +2 pair of gloves of stealth
  7520 | D:10     | Found a runed translucent door.
  7675 | D:10     | Identified the +6 fustibalus of the Screaming Hero {venom,
                  | Int+3 SInv}
  7867 | D:10     | Found a roughly hewn altar of Beogh.
  8011 | D:11     | Noticed a green ugly thing
  8013 | D:11     | Reached XP level 11. HP: 95/95 MP: 11/11
  8029 | D:11     | Killed a green ugly thing
  8148 | D:11     | Found a staircase to the Lair.
  8196 | D:11     | Reached skill level 5 in Evocations
  8514 | D:11     | Noticed a four-headed hydra
  8527 | Lair:1   | Entered Level 1 of the Lair of Beasts
  8599 | Lair:1   | Identified the +0 chain mail "Wocoid" {rPois Int+8 SInv}
  8648 | Lair:1   | Noticed a six-headed hydra
  8657 | Lair:1   | Slain by a six-headed hydra

Illustrated notes

Levels and vault maps discovered:
D:1:      dpeg_arrival_caged_fury, layout_loops_ring,
          hellmonk_ecumenical_altar_arch_garden, minmay_lizard_king
D:2:      layout_basic, minmay_joined_circles, uniq_robin
D:3:      layout_rooms, mainiacjoe_overflow_six_doors_small,
          mainiacjoe_overflow_alcove_3, serial_bayou_pond_e,
          minmay_crystal_water
D:4:      layout_basic
D:5:      layout_cave_pools, zin_academy, kennysheep_big_empty_room
D:6:      cheibrodos_steamvent, layout_cave_pods, okawaru_gym_becter,
          nrook_campfire
D:7:      layout_gridville, minmay_temple_entry_grid, worms_lemuel
D:8:      layout_loops_ring, nicolae_elyvilon_temple_path,
          nicolae_gozag_cash_rules_everything_around_me, uniq_maggie
D:9:      layout_roguey, nicolae_vehumet_altar_sigil,
          lemuel_coloured_pillars_altar, serial_shops,
          nicolae_shop_temple_entry_statues_fountains, hangedman_misty_isle,
          uniq_maurice, uniq_psyche
D:10:     layout_big_octagon, nicolae_water_bricks, grunt_decor_fettered,
          st_stairs_13, lightli_church_of_beogh
D:11:     layout_irregular_city, due_lair_maze_entry_diamond
Lair:1:   layout_misc_corridors, grunt_megastairs_5

Skill      XL: |  1  2  3  4  5  6  7  8  9 10 11 |
---------------+----------------------------------+-----
Axes           | 3 4 5 6 8 9 11 12 13 14 | 14.7
Fighting       | 5 7 8 9 |  9.4
Throwing       | 2 4 5 6 |  6.4
Armour         | 5 6 7 8 |  8.6
Evocations     | 2 4 5 |  5.3
Shields        | |  3.2

Action                   |  1- 3 |  4- 6 |  7- 9 | 10-12 || total
-------------------------+-------+-------+-------+-------++-------
Melee: War axe           |    92 |    22 |       |       ||   114
       Broad axe         |       |   151 |   240 |   302 ||   693
Throw: Dart              |       |       |     3 |     2 ||     5
       Boomerang         |       |       |       |     3 ||     3
Invok: Lunge             |     5 |    11 |    11 |     5 ||    32
       Whirlwind         |     4 |     5 |    20 |    15 ||    44
       Serpent's Lash    |       |       |     3 |       ||     3
 Abil: Wall Jump         |       |     4 |     9 |    11 ||    24
  Use: Potion            |     1 |       |       |       ||     1
       Scroll            |       |     3 |     7 |     8 ||    18
 Stab: Distracted        |       |       |     1 |       ||     1
Armor: Scale mail        |    38 |    58 |    38 |       ||   134
       Steam dragon scal |       |       |    35 |       ||    35
       Swamp dragon scal |       |       |     1 |   144 ||   145
       Chain mail        |       |       |       |    30 ||    30
Dodge: Dodged            |    33 |    60 |    76 |   110 ||   279
Block: Buckler           |    11 |    27 |    32 |    40 ||   110
       Kite shield       |       |       |       |    48 ||    48

Table legend: (Time is in decaauts)
 A = Elapsed time spent in this place.
 B = Non-inter-level travel time spent in this place.
 C = Inter-level travel time spent in this place.
 D = Time resting spent in this place.
 E = Time spent auto-exploring this place.
 F = Levels seen in this place.
 G = Mean time per level.
                   A        B        C        D        E       F      G
               +--------+--------+--------+--------+--------+-----+--------+
         Total |   8758 |   8484 |    274 |    360 |   5390 |  12 |  729.8 |
       Dungeon |   8625 |   8351 |    274 |    360 |   5338 |  11 |  784.1 |
          Lair |    133 |    133 |      0 |      0 |     52 |   1 |  133.0 |
               +--------+--------+--------+--------+--------+-----+--------+

Top non-repeatable levels by time:
     D:6: 988 daAuts
     D:9: 935 daAuts
     D:2: 888 daAuts
     D:8: 882 daAuts
     D:4: 841 daAuts
     D:1: 807 daAuts
    D:10: 775 daAuts
     D:7: 763 daAuts
     D:3: 587 daAuts
    D:11: 583 daAuts
     D:5: 571 daAuts
  Lair:1: 133 daAuts
